 Dungeon Crawl Stone Soup version 0.28-a0-1412-gf95308ed99 (webtiles) character file.

Game seed: 15488485026609409374

53 2tousent the Sneak (level 3, -1/20 HPs)
             Began as a Vampire Enchanter on Jan 6, 2022.
             Was a Follower of Hepliaklqana.
             Slain by an adder (4 damage)
             ... on level 3 of the Dungeon.
             The game lasted 00:04:10 (2215 turns).

2tousent the Sneak (Vampire Enchanter)              Turns: 2215, Time: 00:04:10

Health: -1/20      AC:  3    Str:  7    XL:     3   Next: 64%
Magic:  1/6        EV: 12    Int: 17    God:    Hepliaklqana [*.....]
Gold:   50         SH:  5    Dex: 16    Spells: 4/6 levels left

rFire   . . .      SeeInvis +   a - +1 dagger
rCold   . . .      Faith    .   (no shield)
rNeg    . . .      Spirit   .   b - +1 robe
rPois   .          Reflect  +   (no helmet)
rElec   .          Harm     .   (no cloak)
rCorr   +          Rampage  .   (no gloves)
Will    .....                   (no boots)
Stlth   +++.......              f - amulet of reflection
HPRegen 0.26/turn               g - ring of resist corrosion
MPRegen 0.10/turn               (no ring)

@: healing quickly
A: reduced essence, alive, fangs 3, see invisible, vampiric 2, [frail 1]
a: Exsanguinate, Renounce Religion, Recall Ancestor, Ancestor Identity


You were on level 3 of the Dungeon.
You worshipped Hepliaklqana.
Hepliaklqana was aware of your devotion.
You visited 1 branch of the dungeon, and saw 3 of its levels.

You collected 80 gold pieces.
You spent 30 gold pieces at shops.

Inventory:

Hand Weapons
 a - a +1 dagger (weapon)
Armour
 b - a +1 robe (worn)
Jewellery
 f - an amulet of reflection (around neck)
 g - a ring of resist corrosion (left hand)
Wands
 k - a wand of iceblast (15)
Scrolls
 d - a scroll of identify
 i - a scroll of silence {unknown}
Potions
 c - a potion of invisibility
 e - a potion of curing
 h - a potion of ambrosia
 j - a potion of haste {unknown}


   Skills:
 * Level 0.4 Fighting
 + Level 1.9 Short Blades
 - Level 2.1 Dodging
 - Level 5.6 Stealth
 - Level 2.0 Spellcasting
 - Level 5.4 Hexes


You had 4 spell levels left.
You knew the following spells:

 Your Spells              Type           Power      Damage    Failure   Level
a - Ensorcelled Hibernat  Hex/Ice        20%        N/A       10%         2

Your spell library contained the following spells:

 Spells                   Type           Power      Damage    Failure   Level
 Confusing Touch          Hex            20%        N/A       6%          3
 Tukima's Dance           Hex            20%        N/A       6%          3
 Dazzling Flash           Conj/Hex       20%        N/A       19%         3
 Iskenderun's Mystic Bla  Conj/Tloc      1%         2d3       88%         4
 Starburst                Conj/Fire      0%         6d3       100%        6


Dungeon Overview and Level Annotations

Branches:
Dungeon (3/15)

Altars:
Hepliaklqana

Shops:
D:1 =   D:2 *


Innate Abilities, Weirdness & Mutations

Your life essence is reduced to manifest your ancestor. (-10% HP)
Your natural rate of healing is accelerated.
You have razor-sharp teeth.
You have supernaturally acute eyesight. (SInv)
You are afflicted with vampirism and can become a bat while bloodless.
[You are frail. (-10% HP)]


Message History

The adder bites you.
Casting: Ensorcelled Hibernation (safe; 10% risk of failure)
Confirm with . or Enter, or press ? or * to list all spells.
You don't have enough magic to cast this spell.
Unknown command.
You closely miss the adder. You bite the adder.
The adder is lightly wounded.
The adder completely misses you.
Tihomir barely misses the adder.
The adder bites you.
You are poisoned.
The adder poisons you!
You closely miss the adder.
The adder is lightly wounded.
You feel sick.
Tihomir closely misses the adder.
The adder closely misses you.
You barely miss the adder.
The adder is lightly wounded.
You feel sick.
Tihomir misses the adder.
The adder bites you.
You are more poisoned.
The adder poisons you!
You hit the adder.
The adder is moderately wounded.
You feel sick. You block the adder's attack.
Tihomir misses the adder.
You feel sick.
The adder bites Tihomir.
Tihomir hits the adder.
You see here a +0 club.
You feel sick.
The adder closely misses Tihomir.
Ancestor HP restored.
Tihomir hits the adder.
The adder barely misses Tihomir.
You begin bloodletting.
You continue bloodletting.
You feel sick.
Tihomir hits the adder.
The adder bites Tihomir.
You continue bloodletting.
You feel sick.
The adder bites Tihomir.
Tihomir barely misses the adder.
You continue bloodletting.
You feel sick.
The adder bites Tihomir.
Tihomir is destroyed!
You continue bloodletting.
You feel sick. The adder barely misses you.
You continue bloodletting.
You feel sick.
You are no longer poisoned.
The adder bites you.
You die...

.. .# #######
##.# .......
#..# .......
...#####
#.......
.......##.......
..o.....
................
........
........@S###
#.......
.......##<..##
#.o.....
........).#..#
#.o.....
........####.##
#.o.....
#######.#
#..####)......
#.#
##....Sg.....#
..#
######.####.#
.## #.# ## #.#


You could see an adder.

Vanquished Creatures
  A worm (D:2)
  A dart slug (D:2)
  An orc (D:3)
  9 ball pythons
  A bat (D:1)
  5 endoplasms
  3 hobgoblins
  3 quokkas (D:1)
  2 frilled lizards
  2 goblins (D:1)
  3 kobolds (D:1)
  5 rats (D:1)
36 creatures vanquished.

Vanquished Creatures (collateral kills)
  3 orcs
  A goblin (D:3)
  A hobgoblin (D:2)
  A kobold (D:2)
6 creatures vanquished.

Vanquished Creatures (others)
  2 ancestors (D:3)
2 creatures vanquished.

Grand Total: 44 creatures vanquished

Notes
Turn   | Place    | Note
-------+----------+-------------------------------------------
     0 | D:1      | 2tousent the Vampire Enchanter began the quest for the Orb.
     0 | D:1      | Reached XP level 1. HP: 13/13 MP: 3/3
    78 | D:1      | Reached XP level 2. HP: 15/19 MP: 5/5
   264 | D:1      | Reached skill level 5 in Stealth
   277 | D:1      | Learned a level 2 spell: Ensorcelled Hibernation
   302 | D:1      | Reached skill level 5 in Hexes
   651 | D:1      | Found Ecoj's Jewellery Shoppe.
   699 | D:1      | Found a faded altar of an unknown god.
   708 | D:1      | Prayed at the altar of an unknown god.
   708 | D:1      | Became a worshipper of Hepliaklqana the Forgotten
   708 | D:1      | Reached * piety under Hepliaklqana
   930 | D:2      | Gained mutation: You are afflicted with vampirism and can
                  | become a bat while bloodless. [Vampire growth]
   930 | D:2      | Reached XP level 3. HP: 21/21 MP: 6/6
   944 | D:2      | Found Ibiur's General Store.
   949 | D:2      | Bought a potion of curing for 30 gold pieces
  2215 | D:3      | Slain by an adder

Illustrated notes

Levels and vault maps discovered:
D:1:      dpeg_arrival_pits, layout_basic, ebering_ecumenical_altar_sacrificial,
          serial_shops, shop, minmay_domino_2
D:2:      layout_loops_cross, serial_shops, nicolae_shop_stone,
          nicolae_figureground_sparkle
D:3:      minmay_angry_zag, layout_rooms, serial_shops, shop, moated_statue

Skill      XL: |  1  2 |
---------------+-------+-----
Stealth        | 5 |  5.6
Hexes          | 5 |  5.4
Fighting       | |  0.4
Short Blades   | |  1.9
Dodging        | |  2.1
Spellcasting   | |  2.0

Action                   || total
-------------------------++-------
Melee: Dagger            ||   102
       Bite              ||     6
 Cast: Ensorcelled Hiber ||    10
Invok: Ancestor Identity ||     1
 Abil: Exsanguinate      ||     2
       Revivify          ||     1
  Use: Scroll            ||     3
 Stab: Sleeping          ||    19
Armor: Robe              ||    14
Dodge: Dodged            ||    51
Block: Other             ||     4

Table legend: (Time is in decaauts)
 A = Elapsed time spent in this place.
 B = Non-inter-level travel time spent in this place.
 C = Inter-level travel time spent in this place.
 D = Time resting spent in this place.
 E = Time spent auto-exploring this place.
 F = Levels seen in this place.
 G = Mean time per level.
                   A        B        C        D        E       F      G
               +--------+--------+--------+--------+--------+-----+--------+
         Total |   2208 |   2072 |    136 |      2 |   1668 |   3 |  736.0 |
       Dungeon |   2208 |   2072 |    136 |      2 |   1668 |   3 |  736.0 |
               +--------+--------+--------+--------+--------+-----+--------+

Top non-repeatable levels by time:
     D:2: 1240 daAuts
     D:1: 911 daAuts
     D:3: 56 daAuts
